 Dungeon Crawl Stone Soup version 0.23.2-1-ga50397a6bc (webtiles) character file.

Game seed: 12362848014963050416

29 serq the Bolt Thrower (level 3, -2/22 HPs)
             Began as a Kobold Hunter on Apr 29, 2019.
             Killed from afar by Natasha (6 damage)
             ... with a magic dart
             ... on level 2 of the Dungeon on May 1, 2019.
             The game lasted 00:07:14 (918 turns).

serq the Bolt Thrower (Kobold Hunter)                Turns: 918, Time: 00:07:14

Health: -2/22      AC:  3    Str: 10    XL:     3   Next: 32%
Magic:  3/3        EV: 15    Int: 12    God:
Gold:   70         SH:  0    Dex: 15    Spells: 2/2 levels left

rFire    . . .     SeeInvis .   b - +0 short sword
rCold    . . .     Gourm    .   (shield restricted)
rNeg     . . .     Faith    .   c - +0 leather armour
rPois    .         Spirit   .   (no helmet)
rElec    .         Reflect  .   (no cloak)
rCorr    .         Harm     .   (no gloves)
MR       .....                  (no boots)
Stlth    ++........             (no amulet)
HPRegen  0.07/turn              (no ring)
MPRegen  0.08/turn              (no ring)

@: slowed, very slow
A: small, carnivore
a: no special abilities


You were on level 2 of the Dungeon.
You were not hungry.

You visited 1 branch of the dungeon, and saw 2 of its levels.

You collected 70 gold pieces.

Inventory:

Hand Weapons
 a - a +1 hand crossbow
 b - a +0 short sword (weapon)
 k - a +0 shortbow
Missiles
 d - 29 bolts
Armour
 c - a +0 leather armour (worn)
Jewellery
 h - a +3 ring of protection {unknown}
Scrolls
 e - 2 scrolls of remove curse {unknown}
 j - a scroll of identify {unknown}
 l - a scroll of teleportation {unknown}
 n - a scroll of magic mapping {unknown}
Potions
 g - a potion of brilliance {unknown}
 i - a potion of lignification {unknown}
 m - a potion of berserk rage {unknown}
 o - a potion of resistance {unknown}
Comestibles
 f - 2 rations


   Skills:
 + Level 2.6 Fighting
 * Level 5.3 Crossbows
 + Level 2.8 Dodging
 + Level 2.2 Stealth


You had 2 spell levels left.
You didn't know any spells.
Your spell library was empty.

Dungeon Overview and Level Annotations

Branches:
Dungeon (2/15)

Altars:

Annotations:
D:2 Natasha


Innate Abilities, Weirdness & Mutations

You are small and have problems with some larger weapons.
You are carnivorous and can eat meat at any time.


Message History

Press: ? - help, Shift-Dir - straight line, f/p - Natasha
Aim: Natasha (moderately wounded)
You shoot a bolt. The bolt hits Natasha.
Natasha is severely wounded.
Natasha stares at you and mumbles some strange words.
The magic dart hits you! Natasha claws you but does no damage.
b - a +0 short sword (weapon)
Natasha barely misses you.
You hit Natasha.
Natasha is severely wounded.
Natasha completely misses you.
You closely miss Natasha.
Natasha is severely wounded.
Natasha wildly gestures.
Natasha's front paws start to glow.
Natasha claws you.
* * * LOW HITPOINT WARNING * * *
Natasha stares at you and mumbles some strange words.
The magic dart hits you.
You die...

#....# #...........#
#....# #............
#....#######............
...................?....
.....#.# #..........)#
.....#.#####...=†......#
#.........# #r#
#.#.......# #h#
#.........# #@#
##........# #.#
#........# #.#
##.......# #.#
############# #.......##
#.# #...........#
##'#......
#.###...........#
#...#####
#........(......# ##..#
#####.....†.....# #..#
#...........#


You could see Natasha and a rat.

Vanquished Creatures
  2 dart slugs (D:1)
  3 bats (D:2)
  2 giant cockroaches
  5 goblins
  3 hobgoblins
  A frilled lizard (D:2)
  4 kobolds (D:1)
  5 rats
25 creatures vanquished.

Notes
Turn   | Place    | Note
-------+----------+-------------------------------------------
     0 | D:1      | serq the Kobold Hunter began the quest for the Orb.
     0 | D:1      | Reached XP level 1. HP: 12/12 MP: 1/1
   108 | D:1      | Reached skill level 5 in Crossbows
   218 | D:1      | Reached XP level 2. HP: 18/18 MP: 2/2
   628 | D:1      | Reached XP level 3. HP: 22/22 MP: 3/3
   908 | D:2      | Noticed Natasha
   918 | D:2      | Killed from afar by Natasha

Skill      XL: |  1  2 |
---------------+-------+-----
Crossbows      | 5 |  5.3
Stealth        | 2 |  2.2
Fighting       | |  2.6
Dodging        | |  2.8

Action                   || total
-------------------------++-------
Melee: Short sword       ||     4
 Fire: Hand crossbow     ||    53
 Stab: Sleeping          ||     1
  Eat: Chunk             ||     3
Armor: Leather armour    ||     4
Dodge: Dodged            ||    13
